Map: 紫晶浪漫-天梯版

Players

夜蝶蝶蝶蝶蝶蝶蝶 (Firefly)

  • Race: Protoss Protoss

JieShi - Winner!

  • Race: Protoss Protoss
  • League: Master

Event: DreamHack SC2 Masters 2021 Summer

VOD

Have the link to the VOD?

Description

Time

  • Played on: May 29, 2021, 7:49 a.m.
  • Length: 23:32

All games in this series

Show
View Real Time Build Order
Export as new Build Order

夜蝶蝶蝶蝶蝶蝶蝶 Protoss 

Build Orders:  

Get SALT Encoding   

  12  0:00  Probe  
  13  0:12  Probe  
  14  0:17  Pylon  
  14  0:24  Probe (Chrono Boost)  
  15  0:36  Probe (Chrono Boost), Gateway  
  16  0:45  Probe (Chrono Boost)  
  16  0:46  Assimilator  
  17  0:50  Probe  
  18  0:58  Assimilator  
  18  1:03  Probe (Chrono Boost)  
  19  1:08  Gateway  
  19  1:14  Probe (Chrono Boost)  
  20  1:19  Probe (Chrono Boost)  
  20  1:24  Cybernetics Core  
  21  1:29  Probe  
  22  1:36  Pylon  
  22  1:41  Probe  
  23  1:58  Warp Gate (Chrono Boost)  
  23  2:01  Stalker x2  
  27  2:13  Pylon  
  27  2:21  Pylon  
  27  2:30  Robotics Facility  
  27  2:33  Stalker  
  29  2:37  Stalker  
  31  2:49  Gateway  
  31  3:03  Stalker  
  33  3:07  Stalker  
  35  3:15  Pylon  
  35  3:23  Warp Prism (Chrono Boost)  
  37  3:34  Pylon  
  37  3:45  Stalker  
  39  3:57  Stalker  
  39  3:58  Stalker  
  41  4:17  Stalker  
  41  4:22  Observer  
  40  4:48  Stalker x3  
  44  5:07  Stalker  
  44  5:11  Stalker x2  
  50  5:26  Sentry  
  50  5:38  Adept x2  
  54  5:55  Probe  
  55  6:06  Pylon  
  51  6:27  Sentry  
  51  6:37  Warp Prism (Chrono Boost)  
  47  6:41  Probe  
  47  6:42  Stalker x3  
  54  6:58  Twilight Council  
  54  7:03  Robotics Bay  
  54  7:05  Stalker  
  54  7:06  Stalker x2  
  61  7:17  Nexus  
  60  7:25  Observer  
  60  7:29  Observer  
  60  7:33  Pylon  
  60  7:36  Blink  
  60  7:53  Disruptor (Chrono Boost)  
  63  7:58  Pylon  
  63  8:16  Probe  
  63  8:19  Disruptor (Chrono Boost)  
  67  8:28  Probe  
  67  8:30  Probe  
  67  8:33  Shield Battery  
  69  8:36  Adept x2  
  69  8:40  Adept  
  75  8:45  Probe  
  75  8:47  Probe  
  77  8:58  Probe  
  78  9:03  Pylon  
  78  9:18  Probe  
  77  9:25  Probe  
  77  9:31  Probe  
  77  9:33  Nexus  
  77  9:35  Pylon  
  77  9:37  Forge  
  77  9:38  Probe  
  76  9:51  Disruptor  
  76  9:52  Probe x2  
  78  9:55  Assimilator  
  78  9:56  Assimilator  
  78  9:57  Dark Shrine  
  78  10:02  Charge (Chrono Boost)  
  78  10:04  Probe x2  
  80  10:18  Probe  
  77  10:33  Probe x2  
  77  10:34  Disruptor  
  77  10:35  Stalker  
  81  10:50  Stalker x2  
  81  10:52  Probe x2  
  81  10:55  Probe  
  88  10:57  Protoss Ground Weapons Level 1 (Chrono Boost)  
  88  11:04  Probe x2, Zealot  
  90  11:11  Gateway  
  92  11:14  Gateway  
  92  11:16  Gateway  
  92  11:19  Probe  
  92  11:23  Disruptor  
  97  11:25  Probe  
  97  11:26  Probe  
  97  11:29  Dark Templar  
  97  11:31  Probe  
  97  11:32  Assimilator  
  101  11:36  Assimilator  
  101  11:37  Probe  
  101  11:38  Probe  
  103  11:43  Probe  
  104  11:50  Probe  
  105  11:57  Dark Templar x2  
  105  12:01  Probe x2  
  109  12:09  Pylon  
  109  12:10  Pylon  
  109  12:17  Gateway  
  109  12:20  Gateway  
  109  12:21  Gateway  
  109  12:22  Probe  
  109  12:24  Probe, Pylon  
  109  12:26  Disruptor  
  75  12:45  Stalker x6  
  85  12:58  Probe x2  
  87  13:02  Disruptor  
  90  13:12  Stalker x5  
  100  13:14  Zealot  
  94  13:36  Zealot x8  
  110  13:45  Probe x3  
  111  13:51  Disruptor  
  110  14:06  Dark Templar x2  
  84  14:23  Nexus  
  75  14:29  Probe x2  
  77  14:41  Probe x2 (Chrono Boost)  
  79  14:53  Probe x2 (Chrono Boost)  
  81  15:01  Probe x2 (Chrono Boost)  
  81  15:05  Dark Templar  
  83  15:07  Probe  
  83  15:11  Zealot  
  82  15:14  Probe  
  82  15:19  Probe  
  83  15:26  Probe  
  81  15:31  Observer  
  81  15:32  Probe  
  81  15:35  Probe  
  82  15:37  Protoss Ground Weapons Level 2 (Chrono Boost)  
  82  15:39  Probe  
  83  15:44  Probe  
  83  15:47  Probe  
  85  15:51  Probe  
  85  15:56  Probe, Observer  
  87  15:59  Probe  
  87  16:03  Probe  
  87  16:19  Observer  
  87  16:21  Probe  
  87  16:22  Probe x2  
  87  16:24  Assimilator, Dark Templar x3  
  87  16:25  Zealot x3, Dark Templar  
  105  16:28  Archon x2, Shield Battery  
  105  16:42  Stalker x2  
  106  16:51  Probe x2  
  105  17:01  Probe  
  105  17:03  Probe  
  105  17:08  Observer  
  104  17:18  Probe x2  
  104  17:19  Probe, Zealot x7  
  104  17:21  Observer  
  121  17:37  Dark Templar x2  
  121  17:42  Archon  
  125  17:44  Nexus  
  125  17:45  Photon Cannon  
  125  17:47  Pylon  
  125  17:50  Protoss Ground Weapons Level 3 (Chrono Boost)  
  125  18:03  Warp Prism (Chrono Boost)  
  125  18:05  Probe x3  
  127  18:21  Dark Templar x4  
  127  18:26  Pylon  
  129  18:27  Pylon  
  130  18:34  Disruptor (Chrono Boost), Archon x2  
  130  18:35  Dark Templar  
  130  18:39  Archon  
  128  18:42  Stalker x2  
  128  18:45  Shield Battery  
  128  18:48  Shield Battery  
  130  18:54  Dark Templar  
  130  18:55  Zealot, Dark Templar  
  136  18:59  Archon  
  136  19:00  Probe x2  
  136  19:01  Probe  
  136  19:02  Probe  
  138  19:12  Probe  
  123  19:19  Zealot  
  123  19:20  Zealot x4  
  123  19:24  Zealot x2  
  117  19:28  Zealot  
  84  19:41  Stalker x3  
  84  19:43  Stalker  
  83  19:51  Stalker x3  
  86  19:54  Observer x2  
  76  20:06  Dark Templar x2  
  71  20:08  Dark Templar x2  
  65  20:19  Dark Templar x2  
  66  20:21  Probe  
  66  20:22  Probe  
  66  20:30  Probe x2 (Chrono Boost)  
  66  20:34  Probe (Chrono Boost)  
  68  20:42  Probe (Chrono Boost)  
  70  20:44  Probe (Chrono Boost)  
  70  20:47  Probe x2 (Chrono Boost), Assimilator  
  70  20:48  Assimilator  
  72  20:53  Disruptor (Chrono Boost)  
  72  20:54  Probe (Chrono Boost)  
  72  20:55  Probe (Chrono Boost)  
  72  20:56  Probe (Chrono Boost)  
  72  20:57  Probe (Chrono Boost)  
  79  21:04  Probe (Chrono Boost)  
  80  21:06  Probe (Chrono Boost)  
  80  21:07  Archon x2  
  80  21:08  Probe x2  
  83  21:12  Photon Cannon  
  83  21:16  Stalker x3  
  89  21:20  Disruptor (Chrono Boost)  
  89  21:22  Pylon  
  92  21:29  Dark Templar  
  92  21:32  Zealot x2  
  98  21:34  Shield Battery  
  98  21:36  Zealot  
  100  21:44  Dark Templar  
  98  21:59  Dark Templar x2  
  98  22:00  Zealot x3  
  106  22:07  Probe x4  
  110  22:10  Photon Cannon  
  110  22:12  Archon  
  110  22:17  Archon  
  110  22:19  Dark Templar  
  112  22:26  Archon, Pylon  
  112  22:27  Dark Templar x2  
  112  22:28  Zealot  
  118  22:32  Zealot  
  120  22:38  Archon  
  118  22:48  Zealot  
  118  22:49  Zealot x3  
  102  22:52  Zealot  
  102  22:55  Zealot  
  86  23:00  Zealot x2  
  78  23:05  Dark Templar  
  68  23:13  Dark Templar  
  64  23:21  Dark Templar  
Show
View Real Time Build Order
Export as new Build Order

JieShi Protoss - Winner!

Build Orders:  

Get SALT Encoding   

  12  0:00  Probe  
  13  0:12  Probe  
  14  0:18  Pylon  
  14  0:25  Probe (Chrono Boost)  
  15  0:37  Probe (Chrono Boost), Gateway  
  16  0:44  Probe (Chrono Boost)  
  16  0:46  Assimilator  
  17  0:51  Probe  
  17  0:56  Assimilator  
  18  1:03  Probe (Chrono Boost)  
  19  1:08  Gateway  
  19  1:13  Probe (Chrono Boost)  
  20  1:18  Probe (Chrono Boost)  
  20  1:25  Cybernetics Core  
  21  1:30  Probe  
  22  1:36  Pylon  
  22  1:42  Probe  
  24  1:54  Probe  
  24  2:00  Warp Gate  
  24  2:01  Adept x2  
  28  2:17  Pylon  
  28  2:31  Adept  
  28  2:32  Adept  
  31  2:43  Nexus  
  31  2:45  Probe  
  32  2:55  Shield Battery  
  32  3:01  Adept  
  34  3:07  Probe  
  34  3:11  Adept  
  37  3:19  Probe  
  38  3:24  Pylon  
  38  3:27  Robotics Facility  
  38  3:32  Probe  
  39  3:44  Probe  
  40  3:50  Adept x2  
  42  3:56  Probe  
  42  3:57  Probe  
  42  4:02  Shield Battery  
  42  4:12  Stalker x2  
  46  4:19  Immortal (Chrono Boost)  
  44  4:29  Shield Battery  
  44  4:35  Stalker  
  46  4:40  Stalker  
  39  4:54  Immortal (Chrono Boost)  
  41  5:01  Sentry  
  41  5:04  Probe, Sentry  
  46  5:07  Probe  
  47  5:16  Probe  
  48  5:25  Probe  
  48  5:28  Probe  
  48  5:29  Immortal (Chrono Boost)  
  51  5:39  Probe  
  51  5:40  Probe  
  53  5:42  Sentry  
  53  5:44  Sentry  
  57  5:51  Probe  
  57  5:53  Probe  
  56  6:03  Probe  
  53  6:05  Probe  
  53  6:06  Adept  
  53  6:08  Warp Prism (Chrono Boost)  
  57  6:16  Probe (Chrono Boost)  
  55  6:20  Probe (Chrono Boost)  
  56  6:28  Probe (Chrono Boost)  
  56  6:31  Probe (Chrono Boost), Stalker  
  60  6:32  Stalker  
  58  6:45  Probe x2  
  56  6:57  Probe  
  56  6:58  Probe  
  58  7:04  Assimilator  
  58  7:08  Forge  
  58  7:09  Probe  
  58  7:10  Probe  
  58  7:13  Pylon  
  58  7:15  Nexus  
  60  7:16  Observer (Chrono Boost)  
  60  7:22  Probe, Pylon  
  62  7:27  Probe  
  61  7:30  Observer, Pylon  
  61  7:33  Adept x2  
  61  7:37  Probe, Protoss Ground Weapons Level 1 (Chrono Boost)  
  66  7:40  Probe  
  67  7:49  Probe  
  67  7:50  Warp Prism  
  70  7:56  Twilight Council  
  71  8:05  Observer  
  70  8:06  Stalker  
  70  8:10  Shield Battery  
  70  8:11  Stalker  
  70  8:12  Shield Battery  
  74  8:23  Gateway  
  74  8:26  Gateway  
  74  8:30  Blink (Chrono Boost)  
  74  8:31  Immortal  
  78  8:38  Shield Battery  
  78  8:45  Stalker  
  80  8:49  Stalker  
  83  8:55  Probe (Chrono Boost)  
  83  8:56  Gateway  
  83  9:05  Probe (Chrono Boost)  
  83  9:09  Probe x2 (Chrono Boost)  
  84  9:12  Probe, Stalker x2  
  89  9:19  Probe  
  89  9:20  Stalker  
  92  9:24  Pylon  
  92  9:27  Probe  
  92  9:29  Pylon  
  89  9:31  Probe x2  
  89  9:34  Pylon  
  89  9:37  Observer  
  91  9:40  Stalker  
  91  9:43  Probe  
  94  9:50  Probe  
  94  9:51  Protoss Ground Weapons Level 2 (Chrono Boost)  
  94  9:52  Stalker  
  94  9:53  Stalker x3  
  100  10:05  Probe x2  
  100  10:06  Probe  
  103  10:16  Immortal  
  103  10:19  Stalker x2  
  101  10:22  Assimilator  
  101  10:28  Probe x2  
  99  10:36  Stalker x2  
  101  10:51  Probe x3  
  101  10:56  Stalker x2  
  108  10:58  Gateway  
  108  11:00  Gateway  
  106  11:04  Pylon  
  106  11:06  Photon Cannon  
  106  11:07  Pylon  
  106  11:08  Assimilator  
  106  11:11  Pylon  
  106  11:13  Photon Cannon  
  106  11:14  Pylon  
  102  11:18  Stalker x2  
  102  11:21  Probe (Chrono Boost)  
  102  11:22  Probe x2 (Chrono Boost)  
  109  11:33  Probe (Chrono Boost)  
  109  11:36  Stalker x2  
  109  11:39  Probe (Chrono Boost)  
  116  11:40  Probe (Chrono Boost)  
  116  11:42  Probe (Chrono Boost)  
  116  11:46  Probe x2 (Chrono Boost)  
  117  11:47  Probe, Stalker x2  
  120  11:58  Probe x2  
  120  11:59  Probe  
  115  12:07  Observer, Charge (Chrono Boost)  
  115  12:08  Stalker x3  
  121  12:14  Adept x2  
  121  12:15  Adept  
  127  12:29  Stalker  
  129  12:35  Probe  
  129  12:37  Stalker x4  
  124  12:39  Photon Cannon  
  124  12:40  Observer  
  124  12:41  Probe  
  125  12:47  Probe  
  126  12:51  Shield Battery  
  126  12:53  Probe  
  127  12:59  Probe  
  120  13:10  Protoss Ground Weapons Level 3 (Chrono Boost)  
  116  13:19  Zealot x5  
  126  13:20  Zealot x2  
  126  13:25  Probe  
  126  13:26  Probe x2  
  126  13:38  Probe x2, Stargate  
  126  13:42  Stargate  
  112  13:58  Zealot x5  
  112  13:59  Zealot  
  124  14:05  Probe x2  
  90  14:19  Probe x3  
  93  14:24  Phoenix x2 (Chrono Boost)  
  97  14:37  Observer (Chrono Boost), Templar Archives  
  97  14:40  Zealot x3  
  97  14:45  Phoenix x2  
  103  14:50  Dark Shrine  
  103  14:51  Zealot  
  103  14:52  Observer  
  109  14:53  Zealot  
  109  14:59  Pylon  
  111  15:01  Stalker x2  
  113  15:07  Zealot  
  113  15:15  Zealot x3  
  113  15:17  Zealot  
  119  15:26  Phoenix (Chrono Boost)  
  117  15:31  Phoenix (Chrono Boost)  
  115  15:35  Assimilator  
  115  15:43  Phoenix (Chrono Boost)  
  115  15:48  Pylon  
  117  15:51  High Templar x2  
  117  15:52  High Templar x2  
  117  15:53  Zealot x3  
  117  15:55  Archon  
  117  15:56  Archon  
  131  15:58  Phoenix  
  131  16:02  Protoss Shields Level 1 (Chrono Boost)  
  131  16:08  Gateway  
  131  16:16  Photon Cannon  
  131  16:17  Shield Battery  
  131  16:23  Dark Templar  
  133  16:27  Dark Templar  
  133  16:31  Dark Templar  
  133  16:47  Phoenix (Chrono Boost)  
  133  16:48  Phoenix (Chrono Boost), Immortal  
  135  17:06  Phoenix (Chrono Boost)  
  137  17:09  High Templar  
  137  17:10  High Templar  
  137  17:13  Pylon  
  139  17:31  Nexus  
  139  17:32  Pylon  
  139  17:35  Archon  
  139  17:36  Pylon  
  139  17:37  High Templar x2  
  139  17:39  Zealot  
  139  17:42  Archon  
  145  17:46  Zealot x2  
  145  17:50  Pylon  
  149  17:59  Photon Cannon  
  149  18:00  Shield Battery  
  141  18:18  Protoss Ground Armor Level 1 (Chrono Boost)  
  141  18:19  Zealot x3  
  146  18:20  Zealot  
  146  18:24  Zealot  
  150  18:35  Photon Cannon  
  150  18:40  High Templar  
  150  18:41  High Templar x2  
  156  18:42  High Templar  
  156  18:43  Observer  
  156  18:45  Probe (Chrono Boost), Archon  
  156  18:46  Archon  
  159  18:53  Probe (Chrono Boost)  
  159  18:55  Zealot x2  
  165  19:01  Zealot  
  167  19:03  Zealot  
  115  19:30  Zealot x6  
  115  19:31  Zealot x2  
  93  19:52  Zealot x4, Dark Templar  
  93  19:53  Zealot  
  93  19:59  Phoenix  
  81  20:10  Phoenix  
  79  20:17  High Templar x2  
  79  20:18  High Templar  
  79  20:19  High Templar, Zealot x2  
  83  20:23  Archon  
  83  20:24  Archon  
  79  20:32  Immortal (Chrono Boost)  
  83  20:38  Zealot x2  
  87  20:57  Immortal (Chrono Boost)  
  87  21:00  High Templar x2  
  87  21:01  Zealot x3  
  101  21:05  Archon  
  101  21:06  Zealot x2  
  105  21:12  Zealot  
  107  21:20  Nexus  
  107  21:25  Pylon  
  107  21:27  High Templar x2  
  107  21:29  Zealot  
  107  21:32  Archon  
  113  21:36  Zealot x2  
  117  21:44  Assimilator  
  117  21:47  Assimilator  
  117  21:53  High Templar  
  118  21:55  High Templar, Zealot x2  
  124  22:04  Phoenix (Chrono Boost)  
  124  22:11  Zealot x4  
  132  22:17  Archon  
  132  22:21  Phoenix (Chrono Boost)  
  134  22:32  Observer (Chrono Boost)  
  134  22:33  Photon Cannon  
  135  22:44  Immortal (Chrono Boost)  
  135  22:46  Zealot x3  
  135  22:47  Zealot x2  
  138  22:57  Zealot x3  
  122  23:07  Zealot x4  
  130  23:15  Observer (Chrono Boost)  
  125  23:20  Shield Battery  
  125  23:23  Photon Cannon  
Tags
 
Add a new tag
Caveats
  • Supply blocks, unpowered buildings, or Contaminate may cause inaccurate times.
  • Supply counts are checked every 10 seconds.